 Dungeon Crawl Stone Soup version 0.25-a0-253-g6f1b5d974a (webtiles) character file.

Game seed: 17780522532435947984, levelgen mode: deterministic

94 night the Firebug (level 4, 0/32 HPs)
             Began as a Demonspawn Fire Elementalist on Dec 5, 2019.
             Killed from afar by a kobold (32 damage)
             ... with an exploding inner flame
             ... hexed by the player character
             ... in a sewer.
             The game lasted 00:07:00 (2547 turns).

night the Firebug (Demonspawn Fire Elementalist)    Turns: 2547, Time: 00:07:01

Health: 0/32       AC:  2    Str:  8    XL:     4   Next: 38%
Magic:  3/7        EV: 12    Int: 18    God:
Gold:   73         SH:  0    Dex: 15    Spells: 4/8 levels left

rFire    . . .     SeeInvis .     - Unarmed
rCold    . . .     Gourm    .   (no shield)
rNeg     . . .     Faith    .   a - +0 robe
rPois    .         Spirit   .   (no helmet)
rElec    .         Reflect  .   (no cloak)
rCorr    .         Harm     .   (no gloves)
MR       .....                  (no boots)
Stlth    ++........             (no amulet)
HPRegen  0.10/turn              (no ring)
MPRegen  0.10/turn              (no ring)

@: no status effects
A: thin skeletal structure 1, powered by pain 1
a: no special abilities


You were in a sewer.
You were not hungry.

You visited 1 branch of the dungeon, and saw 3 of its levels.
You also visited: Sewer.

You collected 73 gold pieces.

Inventory:

Missiles
 h - 34 bolts
 j - a throwing net (quivered)
Armour
 a - a +0 robe (worn)
Jewellery
 f - an uncursed ring of flight {unknown}
Scrolls
 b - 2 scrolls of remove curse {unknown}
 d - a scroll of enchant weapon {unknown}
 l - 3 scrolls of identify {unknown}
 o - a scroll of noise {unknown}
Potions
 e - 2 potions of might {unknown}
 i - a potion of lignification {unknown}
 k - a potion of flight {unknown}
 m - a potion of cancellation {unknown}
 n - a potion of berserk rage {unknown}
Comestibles
 c - 3 rations


   Skills:
 + Level 1.5 Fighting
 - Level 1.7 Dodging
 - Level 1.7 Stealth
 + Level 1.4 Unarmed Combat
 + Level 2.5 Spellcasting
 + Level 2.1 Conjurations
 + Level 3.2 Fire Magic


You had 4 spell levels left.
You knew the following spells:

 Your Spells              Type           Power        Failure   Level  Hunger
a - Foxfire               Conj/Fire      ##..         6%          1    #......
b - Inner Flame           Hex/Fire       #.......     26%         3    ###....

Your spell library contained the following spells:

 Spells                   Type           Power        Failure   Level  Hunger
 Conjure Flame            Conj/Fire      ##......     17%         3    ###....
 Sticky Flame             Conj/Fire      ##......     50%         4    #####..
 Fireball                 Conj/Fire      ##........   85%         5    ######.


Dungeon Overview and Level Annotations

Branches:
Dungeon (3/15)              Sewer (1/1)

Altars:
Dithmenos
Qazlal
Ru
Sif Muna


Innate Abilities, Weirdness & Mutations

You have a somewhat thin skeletal structure. (Dex +2, Stealth)
You sometimes gain a little power by taking damage.


Message History

The kobold shouts!
The big kobold shouts!
The kobold shouts!
Found an amethyst potion and a fizzy silvery potion.
Casting: Foxfire (safe; 6% risk of failure)
Confirm with . or Enter, or press ? or * to list all spells.
Aiming: Inner Flame (safe; 26% risk of failure)
Press: ? - help, Shift-Dir - straight line, f - kobold
Aim: a kobold (chance to defeat MR: 71%)
The kobold is filled with an inner flame.
Casting: Inner Flame (safe; 26% risk of failure)
Confirm with . or Enter, or press ? or * to list all spells.
You conjure some foxfire!
The foxfire hits the kobold.
Flame seeps out of the kobold.
The kobold is moderately wounded.
The foxfire hits the big kobold.
The big kobold is lightly wounded.
The kobold is engulfed in blazing flames.
The kobold explodes!
The fiery explosion engulfs you!!
Ouch! That really hurt!
You die...

≈≈≈≈≈≈≈##.≈≈..≈...
≈≈≈≈≈≈≈≈≈≈≈≈≈≈≈≈≈≈≈≈.≈≈
≈≈≈≈≈≈≈≈≈≈≈≈≈≈≈≈≈≈≈≈≈≈≈
≈≈≈≈≈≈≈≈≈≈≈≈≈≈≈≈≈≈≈≈≈≈
≈≈≈≈≈≈≈≈≈≈≈≈≈≈≈≈≈≈≈≈≈ # #
#≈≈≈≈≈≈≈≈≈≈≈≈≈≈≈≈≈.. #!.#.
#≈≈≈≈≈≈≈≈.≈.≈≈.≈.≈..
#.....#.§§§≈≈.............
#....K§○@§...............
#.....#§K§........##......
#!.#. ##....†..÷#####.....
# # ####...######...##.
##### #∩..##### ##### #


You could see a big kobold and a kobold.

Vanquished Creatures
  An adder (D:3)
  2 river rats (Sewer)
  2 oozes
  2 worms (D:2)
  2 dart slugs (D:2)
  A leopard gecko (D:1)
  7 bats
  A giant cockroach (D:1)
  8 hobgoblins
  7 jackals
  4 kobolds
  4 frilled lizards
  3 goblins (D:2)
  7 rats
51 creatures vanquished.

Vanquished Creatures (others)
  149 foxfires
149 creatures vanquished.

Grand Total: 200 creatures vanquished

Notes
Turn   | Place    | Note
-------+----------+-------------------------------------------
     0 | D:1      | night the Demonspawn Fire Elementalist began the quest for
                  | the Orb.
     0 | D:1      | Reached XP level 1. HP: 13/13 MP: 3/3
   499 | D:1      | Gained mutation: You have a somewhat thin skeletal
                  | structure. (Dex +2, Stealth) [demonic ancestry]
   499 | D:1      | Reached XP level 2. HP: 20/20 MP: 3/5
   952 | D:1      | Reached skill level 1 in Fighting
  1085 | D:2      | Reached XP level 3. HP: 21/26 MP: 2/6
  1142 | D:2      | Reached skill level 1 in Unarmed Combat
  1142 | D:2      | Reached skill level 3 in Fire Magic
  1558 | D:2      | Found a sacrificial altar of Ru.
  1919 | D:2      | Found a shadowy altar of Dithmenos.
  1921 | D:2      | Found a stormy altar of Qazlal.
  1954 | D:2      | Found a shimmering blue altar of Sif Muna.
  2261 | D:3      | Found a glowing drain.
  2268 | D:3      | Gained mutation: You sometimes gain a little power by
                  | taking damage. [demonic ancestry]
  2268 | D:3      | Reached XP level 4. HP: 32/32 MP: 4/7
  2312 | Sewer    | Entered a sewer
  2317 | Sewer    | Learned a level 3 spell: Inner Flame
  2542 | Sewer    | Noticed a big kobold
  2547 | Sewer    | Killed from afar by a kobold

Levels and vault maps discovered:
D:1:      mrwooster_arrival_statue, layout_rooms, feat_on_display
D:2:      minmay_evil_eye, layout_basic, lemuel_coloured_pillars_altar,
          chequers_temple_overflow_statue_of_worship, first_ration,
          grunt_ministairs_10, nicolae_ru_sacrificial_ziggurat
D:3:      layout_basic, lemuel_doored_altar, ebering_ghost_rock_garden,
          portal_sewer_entry_a, glass_columns_b
Sewer:    sewer_minmay_treatment

Skill      XL: |  1  2  3 |
---------------+----------+-----
Fighting       | 1 |  1.5
Unarmed Combat | 1 |  1.4
Fire Magic     | 3 |  3.2
Conjurations   | 2 |  2.1
Dodging        | |  1.7
Stealth        | |  1.7
Spellcasting   | |  2.5

Action                   |  1- 3 |  4- 6 || total
-------------------------+-------+-------++-------
Melee: Unarmed           |    20 |     7 ||    27
       Punch             |     1 |       ||     1
 Cast: Foxfire           |    74 |    12 ||    86
       Inner Flame       |       |     2 ||     2
  Use: Potion            |       |     1 ||     1
  Eat: Chunk             |     4 |     2 ||     6
Armor: Robe              |    15 |     1 ||    16
Dodge: Dodged            |    42 |    26 ||    68

Table legend:
 A = Non-vault XP
 B = Vault XP
 C = Vault XP percentage of total XP
 D = Non-vault monster count
 E = Vault monster count
 F = Vault count percentage of total count
                 A         B        C        D         E       F
            +---------+---------+-------+---------+---------+-------
      Total |      78 |      57 |  42.2 |      37 |      14 |  27.5
            +---------+---------+-------+---------+---------+-------
        D:1 |      39 |       0 |   0.0 |      19 |       0 |   0.0
        D:2 |      38 |      14 |  26.9 |      17 |       7 |  29.2
        D:3 |       1 |      14 |  93.3 |       1 |       2 |  66.7
      Sewer |       0 |      29 | 100.0 |       0 |       5 | 100.0
            +---------+---------+-------+---------+---------+-------
